 Dungeon Sprint DCSS version 0.15-a0-2305-gac22422 (webtiles) character file.

21 runewalsh the Sneak (level 2, -5/25 HPs)
             Began as an Octopode Wizard on July 29, 2014.
             Slain by a human (9 damage)
             ... in the Dungeon (Sprint III: "The Ten Rune Challenge").
             The game lasted 00:01:26 (579 turns).

runewalsh the Sneak (Octopode Wizard)                Turns: 579, Time: 00:01:26

HP  -5/25        AC  1     Str 11      XL: 2   Next: 87%
MP   7/7         EV 12     Int 20      God:
Gold 0           SH  0     Dex 10      Spells:  3 memorised,  4 levels left

rFire  . . .     SeeInvis .     a - +0 club
rCold  . . .     Clarity  .     (no shield)
rNeg   . . .     rCorr    .     b - +0 hat
rPois  .         rRot     .     (no amulet)
rElec  .         Spirit   .     (no ring)
SustAb .         Warding  .     (no ring)
rMut   .         NoTele   +     (no ring)
Gourm  .                        (no ring)
MR     .....                    (no ring)
                                (no ring)
                                (no ring)
                                (no ring)

@: berserking, very quick, not resistant to hostile enchantments, extremely
unstealthy
A: almost no armour, amphibious, 8 rings, constrict 8, camouflage 1, gelatinous
body 1
a: no special abilities


You were in the Dungeon.
You were not hungry.

You visited 1 branch

Inventory:

Hand weapons
 a - a +0 club (weapon)
Armour
 b - a +0 hat (worn)
Comestibles
 d - a bread ration
Scrolls
 j - a scroll of blinking
Potions
 e - 2 potions of curing
 g - a potion of haste
 h - 2 potions of magic
Books
 c - a book of Minor Magic

   Spells                             Type                      Level
   *Magic Dart                        Conjuration                  1
   *Blink                             Translocation                2
   *Call Imp                          Summoning                    2
   Repel Missiles                     Charms/Air                   2
   Slow                               Hexes                        2
   Conjure Flame                      Conjuration/Fire             3
   Mephitic Cloud                     Conjuration/Poison/Air       3


   Skills:
 - Level 2.0 Dodging
 * Level 7.0 Stealth
 + Level 4.0 Spellcasting
 - Level 1.0 Conjurations
 - Level 1.0 Summonings
 - Level 1.0 Translocations


You had 4 spell levels left.
You knew the following spells:

 Your Spells              Type           Power        Failure   Level  Hunger
a - Magic Dart            Conj           #...         10%         1    None
b - Call Imp              Summ           #.......     14%         2    #......
c - Blink                 Tloc           N/A          14%         2    #......


Dungeon Overview and Level Annotations

Branches:
Dungeon (1/1)

Altars:


Innate Abilities, Weirdness & Mutations

You cannot wear most types of armour.
You are amphibious.
You can wear up to eight rings at the same time.
You can use your tentacles to constrict many enemies at once.
Your skin changes colour to match your surroundings (Stealth).
Your rubbery body absorbs attacks (AC +1).


Message History

The human is lightly wounded.
The human shouts!
A wolf comes into view.
You hit the human. You grab the human.
The human is lightly wounded.
You constrict the human, but do no damage.
The human hits you!
Ouch! That really hurt!
You release your grip on the human.
Drink which item? (? for menu, Esc to quit)
A red film seems to cover your vision as you go berserk!
You feel yourself moving faster!
You feel mighty! The human hits you.
* * * LOW HITPOINT WARNING * * *
You hit the human. You grab the human.
The human is moderately wounded.
You constrict the human. The human barely misses you.
You hit the human.
The human is heavily wounded.
You constrict the human. The human hits you!
You die...

▓▓▓▓▓▓▓▓▓
▓<..#...####
▓...#..[...##
▓..##...@...#
▓##.##.##p..#
##.##.###..# .
▓#.####.##..# ...
▓.###..##..##
#p..# ▓#.....##..#
#....#
###..##...##...h.#
##..##....#......#
#..###..##.#


You could see a human.

Vanquished Creatures
  Jessica (D)
  2 oozes (D)
3 creatures vanquished.

Vanquished Creatures (others)
  A yaktaur (D)
1 creature vanquished.

Grand Total: 4 creatures vanquished

Notes
Turn   | Place    | Note
--------------------------------------------------------------
     0 | D        | runewalsh, the Octopode Wizard, began the quest for the Orb.
     0 | D        | Reached XP level 1. HP: 11/11 MP: 4/4
    30 | D        | Reached skill level 4 in Stealth
   188 | D        | Killed a yaktaur
   316 | D        | Noticed Jessica
   327 | D        | Killed Jessica
   327 | D        | Reached skill level 7 in Stealth
   327 | D        | Reached XP level 2. HP: 4/17 MP: 5/7
   450 | D        | Learned a level 2 spell: Blink
   453 | D        | Learned a level 2 spell: Call Imp
   565 | D        | Noticed a wolf
   579 | D        | Slain by a human

Action                   || total
-------------------------++-------
Melee: Unarmed           ||    15
       Club              ||     9
 Cast: Magic Dart        ||     9
  Use: Potion            ||     2
 Stab: Sleeping          ||     2
